 Dungeon Crawl Stone Soup version 0.25.1-2-g60ff931df9 (webtiles) character file.

Game seed: 9656842745276539220

88 Curus the Cudgeler (level 4, -1/39 HPs)
             Began as a Minotaur Monk on Sept 22, 2020.
             Was a Believer of Okawaru.
             Splashed by a jelly's acid (9 damage)
             ... on level 3 of the Dungeon.
             The game lasted 00:08:54 (2040 turns).

Curus the Cudgeler (Minotaur Monk)                  Turns: 2040, Time: 00:08:55

Health: -1/39      AC:  8    Str: 15    XL:     4   Next: 29%
Magic:  1/3        EV:  5    Int:  9    God:    Okawaru [**....]
Gold:   119        SH: 11    Dex: 14    Spells: 3/3 levels left

rFire    . . .     SeeInvis .   a - +0 mace
rCold    . . .     Gourm    .   h - +2 kite shield
rNeg     . . .     Faith    .   l - +0 plate armour
rPois    .         Spirit   .   (helmet restricted)
rElec    .         Reflect  .   (no cloak)
rCorr    .         Harm     .   (no gloves)
MR       .....                  (no boots)
Stlth    ..........             (no amulet)
HPRegen  0.13/turn              (no ring)
MPRegen  0.08/turn              (no ring)

@: heroism, corroded
A: retaliatory headbutt, horns 2, clever 1, wild magic 1
a: Heroism, Renounce Religion


You were on level 3 of the Dungeon.
You worshipped Okawaru.
Okawaru was pleased with you.
You were not hungry.

You visited 1 branch of the dungeon, and saw 3 of its levels.

You collected 119 gold pieces.

Inventory:

Hand Weapons
 a - a +0 mace (weapon)
Armour
 b - a +0 robe
 e - a +1 scale mail
 h - a +2 kite shield (worn)
 l - a +0 plate armour (worn)
Wands
 i - a wand of iceblast (7)
 k - a wand of paralysis (6)
Scrolls
 f - 3 scrolls of identify
 j - 3 scrolls of remove curse
Potions
 g - a potion of flight
Comestibles
 c - 6 rations
 d - 3 chunks of flesh


   Skills:
 - Level 3.6(8.6) Fighting
 + Level 6.2(11.2) Maces & Flails
 - Level 3.2(8.2) Dodging
 - Level 1.5(6.5) Stealth


You had 3 spell levels left.
You didn't know any spells.
Your spell library was empty.

Dungeon Overview and Level Annotations

Branches:
Dungeon (3/15)

Altars:
Okawaru
Ru
Sif Muna


Innate Abilities, Weirdness & Mutations

You reflexively headbutt those who attack you in melee.
You have a pair of horns on your head.
Your mind is acute. (Int +2)
Your spells are a little harder to cast, but a little more powerful.


Message History

The jelly hits you but does no damage.
You hit the jelly but do no damage.
Your hands burn!
You headbutt the jelly, but do no damage.
The jelly is lightly wounded.
You block the jelly's attack.
You hit the jelly but do no damage.
Your hands burn!
The jelly is lightly wounded.
You block the jelly's attack.
You gain the combat prowess of a mighty hero.
The jelly hits you but does no damage.
You sock the jelly!
Your hands burn!
The jelly is heavily wounded.
The jelly barely misses you.
You hit the jelly but do no damage.
Your hands burn!
* * * LOW HITPOINT WARNING * * *
The jelly is heavily wounded.
The jelly hits you.
* * * LOW HITPOINT WARNING * * *
You are splashed with acid!
You die...

#######........#.### #..#
####..#..####.# ##.###
####......)## #.# #...#####
...........#####.# #<....[.#
####......##.....#######.#######
#......##.####........# #8..8###
#.######## ## #..÷..##..####.#
.####..###.....J@.#
.##..(...#..####### ..###..###
..#_....⌠# #.###..### #.#.....#
#.###..## #.#8....# #.####_⌠#


You could see a jelly.

Vanquished Creatures
  3 adders
  3 worms
  A leopard gecko (D:1)
  6 giant cockroaches
  4 goblins
  9 hobgoblins
  2 ball pythons
  7 bats
  3 frilled lizards
  7 kobolds
  6 rats
51 creatures vanquished.

Notes
Turn   | Place    | Note
-------+----------+-------------------------------------------
     0 | D:1      | Curus the Minotaur Monk began the quest for the Orb.
     0 | D:1      | Reached XP level 1. HP: 19/19 MP: 0/0
   193 | D:1      | Reached skill level 4 in Maces & Flails
   289 | D:1      | Reached XP level 2. HP: 26/26 MP: 1/1
   765 | D:2      | Found an iron altar of Okawaru.
   772 | D:2      | Became a worshipper of Warmaster Okawaru
   772 | D:2      | Reached * piety under Okawaru
   772 | D:2      | Reached ** piety under Okawaru
   784 | D:2      | Reached skill level 5 in Maces & Flails
   881 | D:2      | Reached XP level 3. HP: 31/31 MP: 2/2
  1456 | D:3      | Reached skill level 6 in Maces & Flails
  1456 | D:3      | Reached XP level 4. HP: 30/39 MP: 3/3
  1675 | D:3      | Gained mutation: Your spells are a little harder to cast,
                  | but a little more powerful. [potion of mutation]
  1675 | D:3      | Gained mutation: Your mind is acute. (Int +2) [potion of
                  | mutation]
  1999 | D:3      | Found a shimmering blue altar of Sif Muna.
  1999 | D:3      | Found a sacrificial altar of Ru.
  2040 | D:3      | Splashed by a jelly's acid

Illustrated notes

Levels and vault maps discovered:
D:1:      elethiomel_arrival_shortcut, layout_rooms
D:2:      layout_loops_cross, first_ration, okawaru_trees_1
D:3:      layout_rooms, minitemple

Skill      XL: |  1  2  3 |
---------------+----------+-----
Maces & Flails | 4 5 6 |  6.2
Fighting       | |  3.6
Dodging        | |  3.2
Stealth        | |  1.5

Action                   |  1- 3 |  4- 6 || total
-------------------------+-------+-------++-------
Melee: Mace              |    86 |    43 ||   129
       Headbutt          |    11 |     7 ||    18
Invok: Heroism           |       |     1 ||     1
  Use: Scroll            |     5 |       ||     5
       Potion            |     6 |     2 ||     8
 Stab: Sleeping          |     1 |       ||     1
  Eat: Chunk             |     2 |     2 ||     4
Armor: Robe              |    13 |       ||    13
       Scale mail        |    10 |    10 ||    20
       Plate armour      |       |    10 ||    10
Dodge: Dodged            |    57 |     3 ||    60
Block: Kite shield       |     5 |    21 ||    26
